Map: Terrasses de Prion

Players

peterbandi

  • Race: Zerg Zerg
  • League: Bronze
  • Spawn Location: 11:00

zidar - Winner!

  • Race: Terran Terran
  • League: Silver
  • Spawn Location: 5:00

VOD

Have the link to the VOD?

Description

Time

  • Played on: Feb. 18, 2016, 9:18 a.m.
  • Length: 11:25
Show
View Real Time Build Order
Export as new Build Order

peterbandi Zerg 

Build Orders: Pool First 

Get SALT Encoding   

  12  0:20  Spawning Pool  
  11  0:23  Drone  
  12  0:38  Overlord  
  12  0:41  Overlord  
  12  1:08  Queen  
  14  1:13  Drone x2  
  14  1:14  Drone  
  17  1:42  Extractor  
  16  1:57  Drone x3  
  19  2:28  Extractor  
  18  2:34  Zergling x8  
  22  3:03  Drone x5  
  27  3:45  Hatchery  
  27  3:46  Roach Warren  
  27  3:47  Lair  
  25  4:12  Metabolic Boost  
  25  4:16  Zergling x10  
  30  4:34  Overlord x4  
  30  5:00  Queen  
  32  5:08  Hydralisk Den  
  31  5:20  Roach x5  
  31  5:21  Roach x2  
  40  5:36  Spore Crawler  
  33  5:55  Drone x5  
  34  6:00  Spore Crawler  
  33  6:29  Drone  
  33  6:30  Drone  
  35  7:06  Drone x2  
  35  7:07  Drone x2  
  39  7:09  Drone  
  40  7:36  Hydralisk x2  
  40  7:37  Hydralisk  
  44  8:29  Queen  
  46  8:39  Hydralisk  
  46  8:40  Hydralisk x5  
  58  8:44  Zergling x10  
  58  8:45  Zergling x2  
  64  9:13  Drone x3  
  64  9:15  Drone  
  68  9:17  Overlord x2  
  68  9:18  Overlord  
  68  9:32  Overlord x2  
  68  10:10  Drone x2  
  68  10:11  Drone  
  71  10:39  Spire  
  70  10:48  Overlord x4  
  70  10:57  Drone x3  
  70  10:59  Drone x3  
  70  11:00  Drone x2  
Show
View Real Time Build Order
Export as new Build Order

zidar Terran - Winner!

Build Orders: Liberator Opening 

Get SALT Encoding   

  12  0:02  SCV  
  13  0:15  SCV  
  13  0:21  Supply Depot  
  14  0:27  SCV  
  15  0:38  Refinery  
  15  0:44  Barracks  
  15  0:46  SCV  
  16  1:04  SCV  
  17  1:16  SCV  
  18  1:28  SCV  
  19  1:35  Supply Depot  
  19  1:37  Reaper  
  20  1:59  Factory  
  20  2:05  SCV  
  21  2:10  Refinery  
  21  2:12  Command Center  
  21  2:17  SCV  
  22  2:30  Orbital Command  
  21  2:54  Starport  
  21  2:55  Factory Tech Lab  
  21  3:14  Factory Tech Lab  
  21  3:16  Barracks Reactor  
  21  3:22  SCV  
  22  3:29  Orbital Command  
  22  3:33  Liberator  
  22  3:34  SCV  
  23  3:40  Barracks  
  23  3:44  Barracks  
  26  3:55  SCV  
  27  4:09  Orbital Command  
  29  4:11  Siege Tank  
  29  4:16  Marine  
  31  4:17  Marine  
  32  4:25  Supply Depot x2  
  32  4:29  Barracks Tech Lab  
  32  4:30  Barracks  
  32  4:34  Marine  
  32  4:35  Marine  
  34  4:39  Command Center  
  34  5:06  SCV x2  
  36  5:18  SCV  
  37  5:22  SCV  
  37  5:25  Refinery  
  38  5:29  Refinery  
  38  6:09  Orbital Command  
  38  6:27  Stimpack  
  38  6:29  Reaper x2  
  38  6:30  Reaper x2  
  42  6:45  Barracks Tech Lab  
  42  6:46  Starport Reactor  
  43  7:01  Marine x2, Reaper  
  43  7:02  Marine  
  46  7:19  Marine x3  
  49  7:33  Marine  
  49  7:37  Marine x3  
  53  7:51  Marine  
  54  7:54  Marine  
  54  7:55  Marine x2  
  53  8:08  Marine  
  53  8:10  Orbital Command  
  54  8:13  Marauder  
  56  8:22  Marine  
  56  8:23  Marine  
  56  8:26  Marine  
  59  8:35  Marauder, Medivac x2  
  59  8:37  Factory Reactor  
  59  8:40  Marine  
  59  8:41  Marine  
  67  8:44  Marine  
  67  8:46  Engineering Bay  
  68  8:49  Engineering Bay  
  68  8:51  Armory  
  68  8:56  Marine  
  68  8:58  Marine, Combat Shield  
  68  8:59  Marine  
  68  9:02  Marine  
  72  9:04  Concussive Shells  
  72  9:05  Medivac x2  
  76  9:13  Marine  
  77  9:28  Supply Depot  
  77  9:29  Supply Depot  
  77  9:32  Supply Depot  
  77  9:34  Marine, Hellion x2  
  77  9:35  Medivac x2  
  86  9:52  Supply Depot  
  86  9:56  Hellion x2  
  86  9:59  Marine x4, Sensor Tower  
  94  10:08  Liberator  
  94  10:17  Marine x4, Hellion x2  
  102  10:34  Marine, SCV  
  102  10:35  Marine x3  
  107  10:52  Marine  
  107  10:53  Marine  
  109  11:05  Factory  
Tags
 
Add a new tag
Caveats
  • Supply blocks, unpowered buildings, or Contaminate may cause inaccurate times.
  • Supply counts are checked every 10 seconds.